 Dungeon Crawl Stone Soup version 0.30.1-3-gfc49f6343a (webtiles) character file.

Game seed: 16104729461001017350

1302 Kranky the Trooper (level 8, -2/71 HPs)
             Began as a Minotaur Berserker on Aug 5, 2023.
             Was a Priest of Trog.
             Slain by a steam dragon (9 damage)
             ... on level 6 of the Dungeon.
             The game lasted 00:10:05 (5466 turns).

Kranky the Trooper (Minotaur Berserker)             Turns: 5466, Time: 00:10:06

Health: -2/71      AC: 13    Str: 29    XL:     8   Next: 31%
Magic:  7/7        EV: 10    Int:  4    God:    Trog [***...]
Gold:   257        SH:  0    Dex:  6    Spells: 7/7 levels left

rFire   . . .        A - +0 scythe (chaos)
rCold   . . .        (shield currently unavailable)
rNeg    . . .        j - +0 chain mail
rPois   +            (helmet restricted)
rElec   +            w - +0 cloak
rCorr   +            (no gloves)
SInv    .            l - +1 pair of boots "Emicei" {rElec rPois rCorr Str+5 Dex-4}
Will    .....        (no amulet) Stlth
                     (no ring)
HPRegen 0.31/turn    (no ring)
MPRegen 0.10/turn

%: no passive effects
@: no status effects
A: horns 2, retaliatory headbutt
a: Renounce Religion, Berserk, Trog's Hand


You were on level 6 of the Dungeon.
You worshipped Trog.
Trog was most pleased with you.
You visited 1 branch of the dungeon, and saw 6 of its levels.

You collected 257 gold pieces.

Inventory:

Hand Weapons
 a - a +0 spear
 v - a +0 halberd
 A - a +0 scythe of chaos (weapon)
Missiles
 q - 2 throwing nets (quivered)
Armour
 b - a +0 animal skin
 e - a +0 ring mail
 j - a +0 chain mail (worn)
 l - the +1 pair of boots "Emicei" (worn) {rElec rPois rCorr Str+5 Dex-4}
   (You acquired it on level 3 of the Dungeon)

   Str:       It affects your strength (+5).
   Dex:       It affects your dexterity (-4).
   rElec:     It insulates you from electricity.
   rPois:     It protects you from poison.
   rCorr:     It protects you from acid and corrosion.
 w - a +0 cloak (worn)
Jewellery
 h - a ring of resist corrosion
 p - a ring of magical power
 x - an amulet of magic regeneration
Wands
 r - a wand of mindburst (8)
 z - a wand of iceblast (6)
Scrolls
 c - 4 scrolls of identify
 d - 11 scrolls of teleportation
 f - a scroll of fear
 k - 2 scrolls of noise
 o - a scroll of fog
Potions
 g - a potion of mutation {unknown}
 i - 2 potions of curing
 m - 3 potions of resistance {unknown}
 n - a potion of lignification {unknown}
 s - a potion of might
 t - 2 potions of heal wounds {unknown}
 u - 2 potions of flight {unknown}


   Skills:
 + Level 6.7 Fighting
 + Level 6.7 Polearms
 + Level 6.0 Armour
 + Level 5.6 Dodging
 + Level 3.0 Evocations


You had 7 spell levels left.
You didn't know any spells.
Your spell library was empty.

Dungeon Overview and Level Annotations

Branches:
Dungeon (6/15)
 Temple: D:4-7

Altars:
Ashenzari
Dithmenos
Fedhas
Hepliaklqana
Makhleb
Sif Muna
Zin

Shops:
D:3 !   D:5 *


Innate Abilities, Weirdness & Mutations

You have a pair of horns on your head.
You reflexively headbutt those who attack you in melee.


Message History

A steam dragon is nearby!
You puncture the steam dragon!
The steam dragon goes berserk!
The steam dragon is heavily wounded.
The steam dragon bites you. The steam dragon closely misses you.
A steam dragon is nearby!
You closely miss the steam dragon.
The steam dragon is heavily wounded.
The steam dragon bites you! The steam dragon closely misses you.
The steam dragon barely misses you.
The steam dragon claws you but does no damage.
A steam dragon is nearby!
You are too injured to fight recklessly!
A steam dragon is nearby!
You are too injured to fight recklessly!
A steam dragon is nearby!
You are too injured to fight recklessly!
You hit the steam dragon. You freeze the steam dragon.
The steam dragon is heavily wounded.
The steam dragon bites you. The steam dragon closely misses you.
The steam dragon bites you!
* * * LOW HITPOINT WARNING * * *
The steam dragon misses you.
You barely miss the steam dragon. You headbutt the steam dragon.
The steam dragon is heavily wounded.
The steam dragon closely misses you. You furiously retaliate!
You headbutt the steam dragon! The steam dragon claws you.
* * * LOW HITPOINT WARNING * * *
You closely miss the steam dragon.
The steam dragon is severely wounded.
The steam dragon bites you but does no damage.
The steam dragon closely misses you. The steam dragon bites you!
* * * LOW HITPOINT WARNING * * *
The steam dragon barely misses you.
You slash the steam dragon! You burn the steam dragon.
The steam dragon is almost dead.
The steam dragon bites you.
* * * LOW HITPOINT WARNING * * *
The steam dragon claws you but does no damage.
The steam dragon bites you!
You die...

.##. #########.........
.#........##......
..........##......
.#...............## ##
..........#.......# ...
.####...#.[.......##....
.# ##...>......D.......
.# #......#...@.......
## ###..#...##...#..##
## ##..##.#..#.#
.#########.......#...
...##...###..........#
##..#.#...........#....
##.#.###...............
#.#^##......#####.....
#.#.##.#.#..## ....


You could see a steam dragon (berserk).

Vanquished Creatures
  Sigmund (D:4)
  2 black bears
  An ogre (D:5)
  Blork the orc (D:4)
  A bullfrog (D:5)
  A howler monkey (D:5)
  2 orc priests
  A jelly (D:5)
  3 hounds (D:4)
  A sleepcap (D:3)
  A gnoll bouda (D:3)
  Crazy Yiuf (D:5)
  2 orc wizards
  Natasha (thrice) (D:3)
  2 iguanas
  2 adders (D:5)
  12 gnolls
  An ufetubus (D:4)
  An adder skeleton (D:2)
  2 adder zombies (D:2)
  3 worms
  3 dart slugs
  14 orcs
  A bat zombie (D:2)
  12 endoplasms
  6 giant cockroaches
  8 goblins
  5 hobgoblins
  6 kobolds
  4 quokkas
  7 ball pythons
  2 ball python skeletons (D:2)
  5 bats (D:2)
  2 frilled lizards (D:1)
  A jackal zombie (D:2)
  A quokka skeleton (D:2)
  3 rats
124 creatures vanquished.

Vanquished Creatures (others)
  An orc wizard (D:5)
1 creature vanquished.

Grand Total: 125 creatures vanquished

Notes
Turn   | Place    | Note
-------+----------+-------------------------------------------
     0 | D:1      | Kranky the Minotaur Berserker began the quest for the Orb.
     0 | D:1      | Reached XP level 1. HP: 19/19 MP: 0/0
   159 | D:1      | Reached XP level 2. HP: 27/27 MP: 1/1
   553 | D:1      | Reached XP level 3. HP: 33/33 MP: 2/2
   812 | D:2      | Reached ** piety under Trog
  1332 | D:2      | Reached XP level 4. HP: 40/40 MP: 3/3
  1822 | D:3      | Found a hazy altar of Hepliaklqana.
  1869 | D:3      | Reached XP level 5. HP: 38/47 MP: 4/4
  2096 | D:3      | Noticed Natasha
  2110 | D:3      | Found a blossoming altar of Fedhas.
  2159 | D:3      | Killed Natasha
  2223 | D:3      | Found a burning altar of Makhleb.
  2251 | D:3      | Reached skill level 5 in Polearms
  2255 | D:3      | Reached skill level 5 in Fighting
  2462 | D:3      | Found Ivemmur's Distillery.
  2551 | D:3      | Noticed Natasha
  2558 | D:3      | Killed Natasha
  2559 | D:3      | Reached XP level 6. HP: 36/56 MP: 5/5
  2698 | D:3      | Found a shimmering blue altar of Sif Muna.
  2783 | D:3      | Reached *** piety under Trog
  3110 | D:3      | Noticed Natasha
  3128 | D:3      | Killed Natasha
  3360 | D:4      | Reached skill level 1 in Evocations
  3433 | D:4      | Found a shadowy altar of Dithmenos.
  3434 | D:4      | Noticed Blork the orc
  3440 | D:4      | Killed Blork the orc
  3594 | D:4      | Reached XP level 7. HP: 61/61 MP: 6/6
  3628 | D:4      | You fall into a shaft and drop 1 floor!
  3628 | D:5      | Entered Level 5 of the Dungeon
  3652 | D:5      | Reached skill level 5 in Armour
  4036 | D:4      | Noticed Sigmund
  4043 | D:4      | Killed Sigmund
  4044 | D:4      | Reached skill level 5 in Dodging
  4221 | D:3      | Identified a scroll of acquirement
  4221 | D:3      | Acquired the +1 pair of boots "Emicei" {rElec rPois rCorr
                  | Str+5 Dex-4}
  4377 | D:5      | Reached XP level 8. HP: 65/71 MP: 7/7
  4469 | D:5      | Found a broken altar of Ashenzari.
  4567 | D:5      | Found Zin's Purification Station.
  4569 | D:5      | Found a glowing silver altar of Zin.
  5267 | D:5      | Found a runed translucent door.
  5268 | D:5      | Noticed Crazy Yiuf
  5278 | D:5      | Killed Crazy Yiuf
  5466 | D:6      | Slain by a steam dragon

Illustrated notes

Levels and vault maps discovered:
D:1:      zaba_arrival_water, layout_basic
D:2:      layout_loops_corners, serial_undead, serial_undead_b, serial_undead_e,
          serial_undead_a, serial_undead_b, serial_undead_c, serial_undead_d
D:3:      layout_loops_ring, kennysheep_orc_sif_temple,
          nicolae_hepliaklqana_hazy_memory, mainiacjoe_overflow_chevrons,
          nicolae_overflow_crystal_walls, serial_shops, shop_statue,
          uniq_natasha
D:4:      layout_gridville, mainiacjoe_overflow_paths, uniq_sigmund,
          uniq_blork_the_orc
D:5:      layout_loops_corners, zin_purify, mainiacjoe_overflow_alcove_1,
          uniq_crazy_yiuf_cottage
D:6:      layout_rooms

Skill      XL: |  1  2  3  4  5  6  7  8 |
---------------+-------------------------+-----
Polearms       | 4 5 6 |  6.7
Fighting       | 4 5 6 |  6.7
Armour         | 3 4 5 6 |  6.0
Dodging        | 3 4 5 |  5.6
Evocations     | 1 2 3 |  3.0

Action                     |  1- 3 |  4- 6 |  7- 9 || total
---------------------------+-------+-------+-------++-------
  Melee: Spear             |   100 |   187 |       ||   287
         Punch             |     1 |     2 |       ||     3
         Headbutt          |    12 |    17 |    18 ||    47
         Halberd           |       |    19 |   108 ||   127
 Invoke: Berserk           |       |       |     2 ||     2
    Use: Scroll            |       |       |     9 ||     9
 Armour: Animal skin       |     2 |       |       ||     2
         Ring mail         |     7 |       |       ||     7
         Chain mail        |    20 |    54 |    59 ||   133
  Dodge: Dodged            |    36 |    51 |    61 ||   148
